 Dungeon Crawl Stone Soup version 0.30-a0-6-g7c9e10e132 (webtiles) character file.

Game seed: 1119783621897285197

115 dduke234 the Ducker (level 4, -10/22 (23) HPs)
             Began as a Spriggan Monk on Aug 22, 2022.
             Was a Priest of Trog.
             Mangled by a kobold
             ... wielding a +0 dagger of distortion
              (14 damage)
             ... on level 3 of the Dungeon.
             The game lasted 00:07:09 (3127 turns).

dduke234 the Ducker (Spriggan Monk)                 Turns: 3127, Time: 00:07:10

HP:   -10/22 (23)   AC:  2    Str:  7      XL:     4   Next: 68%
MP:   5/5           EV: 21    Int: 11      God:    Trog [***...]
Gold: 59            SH:  0    Dex: 24 (25) Spells: 3/3 levels left

rFire   . . .      SeeInvis +    a - +0 short sword
rCold   . . .      Faith    .    (no shield)
rNeg    . . .      Spirit   .    b - +0 robe
rPois   .          Reflect  .    (helmet restricted)
rElec   .          Harm     .    (no cloak)
rCorr   .          Rampage  .    (gloves unavailable)
Will    +....                    (boots unavailable)
Stlth   +++.......               f - amulet of regeneration
HPRegen 0.87/turn                k - +6 ring of dexterity
MPRegen 0.09/turn                h - ring of willpower

@: lightly drained, very quick
A: very small, no large weapons, unfitting armour, see invisible, speed 3
a: Renounce Religion, Berserk, Trog's Hand


You were on level 3 of the Dungeon.
You worshipped Trog.
Trog was most pleased with you.
You visited 1 branch of the dungeon, and saw 3 of its levels.

You collected 59 gold pieces.

Inventory:

Hand Weapons
 a - a +0 short sword (weapon)
Armour
 b - a +0 robe (worn)
Jewellery
 f - an amulet of regeneration (around neck)
 h - a ring of willpower (right hand)
 k - a +6 ring of dexterity (left hand)
Scrolls
 j - 2 scrolls of teleportation
Potions
 c - 2 potions of ambrosia
 e - a potion of brilliance
 g - 2 potions of heal wounds {unknown}
 i - a potion of curing {unknown}
 l - a potion of berserk rage {unknown}


   Skills:
 + Level 2.8 Fighting
 + Level 4.0 Short Blades
 * Level 5.3 Dodging
 * Level 4.9 Stealth


You had 3 spell levels left.
You didn't know any spells.
Your spell library was empty.

Dungeon Overview and Level Annotations

Branches:
Dungeon (3/15)

Altars:
Ru
Trog
Uskayaw
Zin

Annotations:
D:3 Dermit's ghost, amateur DsBe


Innate Abilities, Weirdness & Mutations

You are very small and have problems with some larger weapons.
You are too small for most types of armour.
You have supernaturally acute eyesight. (SInv)
You cover ground extremely quickly. (Speed+++)


Message History

You hit the kobold.
You kill the kobold!
Trog accepts your kill. Dermit's ghost hits you!
The kobold hits your frilled lizard with a +0 club.
Your frilled lizard dies!
Your frilled lizard's corpse dissolves into shadows!
Your quokka closely misses Dermit's ghost.
You hit Dermit's ghost but do no damage.
Dermit's ghost completely misses you.
Your quokka misses Dermit's ghost. The kobold misses you.
You barely miss Dermit's ghost. The kobold misses you.
Dermit's ghost misses you.
Your quokka closely misses Dermit's ghost.
The kobold barely misses you.
You hit Dermit's ghost but do no damage.
The kobold closely misses you.
Your quokka barely misses Dermit's ghost.
Dermit's ghost misses you. The kobold completely misses you.
You hit Dermit's ghost but do no damage.
The kobold barely misses you.
Your quokka bites Dermit's ghost but does no damage.
Dermit's ghost misses you.
You barely miss Dermit's ghost. The kobold closely misses you.
Your quokka barely misses Dermit's ghost.
Dermit's ghost misses you.
You barely miss Dermit's ghost. The kobold completely misses you.
Your quokka bites Dermit's ghost but does no damage.
The kobold barely misses you.
You closely miss Dermit's ghost. Dermit's ghost misses you.
Your quokka closely misses Dermit's ghost.
The kobold hits you with a +0 whip.
The kobold brigand hits you with a +2 rapier of draining!
You feel drained.
* * * LOW HITPOINT WARNING * * *
The kobold hits you with a +0 dagger of distortion.
* * * LOW HITPOINT WARNING * * *
Space warps horribly around you!
Ouch! That really hurt!
You die...

.....# ######....## # .###.#
##.[$###.....# ###### .###.##
##.....##(....# #...# ......#
#~.#.#.~#....÷# #.#.## .####^#
#⌠.#.#.⌠#####.# #.#.## .# #.#
#~.#.#.~# #.###.#.#. .#
#.#######.)KKK### #.....#.#.
.# #:......##KKW##.#
#######.## .#
######....KK@rK.# #.## .#
#.###.K#+####### #.## ##
#.....#........# ##.#.
#####..........# ##..#.
###########.........####...##
#.............######.....#.##
###.#######.....###..#####...
####.#######.....##..##.....##
##................##.###.....#


You could see a kobold brigand, Dermit's ghost (ally target), 7 kobolds, a
friendly quokka (summoned) and a friendly kobold (summoned).

Vanquished Creatures
  An iguana (D:3)
  A gnoll (D:1)
  2 adders (D:3)
  4 dart slugs
  3 ball pythons
  5 bats
  An endoplasm (D:2)
  2 giant cockroaches
  7 goblins
  6 hobgoblins
  4 jackals (D:1)
  4 kobolds
  2 quokkas
  3 frilled lizards
  5 rats
50 creatures vanquished.

Vanquished Creatures (others)
  A kobold (D:3)
  2 fungi (D:3)
  2 plants (D:3)
5 creatures vanquished.

Grand Total: 55 creatures vanquished

Notes
Turn   | Place    | Note
-------+----------+-------------------------------------------
     0 | D:1      | dduke234 the Spriggan Monk began the quest for the Orb.
     0 | D:1      | Reached XP level 1. HP: 11/11 MP: 2/2
   374 | D:1      | Reached XP level 2. HP: 16/16 MP: 3/3
  1074 | D:1      | Reached XP level 3. HP: 17/19 MP: 4/4
  1395 | D:2      | Noticed a golden eye
  1398 | D:2      | Found a faded altar of an unknown god.
  1400 | D:2      | Noticed a floating eye
  1401 | D:2      | Noticed a great orb of eyes
  1401 | D:2      | Noticed a floating eye
  1411 | D:2      | Prayed at the altar of an unknown god.
  1411 | D:2      | Became a worshipper of Trog the Wrathful
  1411 | D:2      | Reached * piety under Trog
  1411 | D:2      | Reached ** piety under Trog
  1618 | D:2      | Reached *** piety under Trog
  2393 | D:3      | Noticed a +0 dagger
  2393 | D:3      | Noticed a +0 spear
  2393 | D:3      | Noticed a +0 short sword
  2394 | D:3      | Noticed a +0 short sword
  2395 | D:3      | Noticed a +0 falchion
  2396 | D:3      | Noticed a +0 spear
  2397 | D:3      | Noticed a +0 dagger
  2398 | D:3      | Noticed a +0 falchion
  2405 | D:3      | Found a hide-covered altar of Uskayaw.
  2416 | D:3      | Found a runed translucent gate.
  2419 | D:3      | Found a runed translucent gate.
  2419 | D:3      | Found a runed translucent gate.
  2419 | D:3      | Noticed a kobold brigand
  2419 | D:3      | Noticed Dermit's ghost (amateur DsBe)
  2503 | D:3      | Found a sacrificial altar of Ru.
  2540 | D:3      | Reached skill level 5 in Dodging
  2584 | D:3      | Reached XP level 4. HP: 5/23 MP: 5/5
  2826 | D:3      | Found a glowing silver altar of Zin.
  3127 | D:3      | Mangled by a kobold

Illustrated notes

Levels and vault maps discovered:
D:1:      elethiomel_arrival_shortcut, layout_loops_ring, minmay_heptomino_o4
D:2:      layout_loops_cross, hellmonk_ecumenical_altar_watching_god
D:3:      layout_basic, nicolae_uskayaw_en_pointe, marbit_many_paths,
          mainiacjoe_overflow_boulevard, gammafunk_ghost_nasty_kobolds

Skill      XL: |  1  2  3 |
---------------+----------+-----
Dodging        | 5 |  5.3
Stealth        | 4 |  4.9
Short Blades   | 4 |  4.0
Fighting       | |  2.8

Action                   |  1- 3 |  4- 6 || total
-------------------------+-------+-------++-------
Melee: Short sword       |   183 |    44 ||   227
       Punch             |     2 |       ||     2
  Use: Scroll            |     5 |     1 ||     6
       Potion            |     1 |       ||     1
 Stab: Sleeping          |     5 |     3 ||     8
Armor: Robe              |    18 |     1 ||    19
Dodge: Dodged            |   156 |    45 ||   201

Table legend: (Time is in decaauts)
 A = Elapsed time spent in this place.
 B = Non-inter-level travel time spent in this place.
 C = Inter-level travel time spent in this place.
 D = Time resting spent in this place.
 E = Time spent auto-exploring this place.
 F = Levels seen in this place.
 G = Mean time per level.
                   A        B        C        D        E       F      G
               +--------+--------+--------+--------+--------+-----+--------+
         Total |   2361 |   2360 |      1 |      0 |   1898 |   3 |  787.0 |
       Dungeon |   2361 |   2360 |      1 |      0 |   1898 |   3 |  787.0 |
               +--------+--------+--------+--------+--------+-----+--------+

Top non-repeatable levels by time:
     D:1: 1099 daAuts
     D:2: 768 daAuts
     D:3: 493 daAuts
